 Dungeon Crawl Stone Soup version 0.30-a0-711-gf4ac18a38d (webtiles) character file.

Game seed: 10938482472655219133

271 purpskrrrp the Covert (level 6, 0/36 HPs)
             Began as a Vampire Brigand on Jan 22, 2023.
             Slain by a river rat (6 damage)
             ... in a sewer.
             The game lasted 00:10:23 (3343 turns).

purpskrrrp the Covert (Vampire Brigand)             Turns: 3343, Time: 00:10:24

Health: 0/36       AC:  5    Str:  8 (10) XL:     6   Next: 2%
Magic:  2/2        EV: 18    Int: 12 (14) God:
Gold:   218        SH:  0    Dex: 15 (17) Spells: 6/8 levels left

rFire   . . .      SeeInvis +    q - +3 short sword (antimagic)
rCold   + + .      Faith    .    (no shield)
rNeg    + + +      Spirit   .    b - +0 robe
rPois   ∞          Reflect  .    (no helmet)
rElec   .          Harm     .    c - +1 cloak
rCorr   .          Rampage  .    (no gloves)
Will    .....      Clarity  +    (no boots)
Stlth   ++++++                   (no amulet)
HPRegen 0.00/turn                t - +5 ring of evasion
MPRegen 0.08/turn                (no ring)

@: bloodless, inhibited regen
A: bloodless, fangs 3, see invisible, vampiric 2, clarity, shaggy fur 1
a: Bat Form, Revivify


You were in a sewer.
You visited 1 branch of the dungeon, and saw 4 of its levels.
You also visited: Sewer.

You collected 218 gold pieces.

Inventory:

Hand Weapons
 a - a +2 dagger
 q - a +3 antimagic short sword (weapon)
 v - a +0 arbalest
Missiles
 d - 13 poisoned darts
 e - 2 curare-tipped darts
 f - 3 javelins
 w - 10 boomerangs (quivered)
Armour
 b - a +0 robe (worn)
 c - a +1 cloak (worn)
 h - a +0 kite shield
Jewellery
 i - a ring of fire
 t - a +5 ring of evasion (left hand)
 u - an amulet of faith
Scrolls
 s - 2 scrolls of immolation
Potions
 m - a potion of attraction


   Skills:
 + Level 2.7 Fighting
 + Level 3.3 Short Blades
 - Level 1.5 Throwing
 + Level 2.7 Dodging
 * Level 8.0 Stealth
 + Level 1.5 Spellcasting
 + Level 1.0 Transmutations
 + Level 0.9 Earth Magic


You had 6 spell levels left.
You knew the following spells:

 Your Spells              Type           Power      Damage    Failure   Level
a - Passwall              Tmut/Erth      2%         N/A       28%         2

Your spell library contained the following spells:

 Spells                   Type           Power      Damage    Failure   Level
 Sandblast                Erth           6%         2d5       21%         1
 Stone Arrow              Conj/Erth      4%         3d7       56%         3
 Gell's Gravitas          Tloc           0%         N/A       65%         3
 Teleport Other           Tloc           0%         N/A       65%         3
 Dispersal                Tloc           0%         N/A       100%        6


Dungeon Overview and Level Annotations

Branches:
Dungeon (4/15)              Sewer (1/1)
 Temple: D:4-7

Altars:
Cheibriados
Okawaru
Qazlal
Vehumet
Xom

Shops:
D:1 :


Innate Abilities, Weirdness & Mutations

You do not regenerate when monsters are visible.
You are frail without blood (-20% HP).
You can heal yourself when you bite living creatures.
You are immune to poison.
You have razor-sharp teeth.
You have supernaturally acute eyesight. (SInv)
You are afflicted with vampirism and can become a bat while bloodless.
You possess an exceptional clarity of mind.
You are covered in fur. (AC +1)


Message History

Your unstable footing causes you to fumble your attack.
The rat bites you but does no damage. The river rat bites you.
Your unstable footing causes you to fumble your attack.
The rat bites you. The river rat bites you.
You are too injured to fight recklessly!
You are too injured to fight recklessly!
You are too injured to fight recklessly!
You are too injured to fight recklessly!
You are too injured to fight recklessly!
You are too injured to fight recklessly!
You hit the rat. You bite the rat.
You kill the rat!
You closely miss the river rat.
The river rat is moderately wounded.
The river rat bites you. The river rat completely misses you. x2
The river rat attacks as you move away! The river rat barely misses you.
The river rat barely misses you. The river rat closely misses you.
The river rat attacks as you move away!
The river rat bites you but does no damage.
The river rat completely misses you. The river rat attacks as you move away!
The river rat misses you.
You hit the river rat.
The river rat is moderately wounded.
The river rat barely misses you.
You barely miss the river rat.
The river rat is moderately wounded.
The river rat closely misses you.
You closely miss the river rat.
The river rat is moderately wounded.
The river rat bites you.
* * * LOW HITPOINT WARNING * * *
You hit the river rat but do no damage. Your bite misses the river rat.
The river rat is moderately wounded.
The river rat closely misses you.
You hit the river rat.
The river rat is severely wounded.
The river rat bites you.
You die...

#≈≈~~≈~#
#~≈≈~
#≈≈≈~≈≈#
#≈~~~
#≈≈~~~≈#
#≈~~≈
#≈~~≈≈≈#
#≈†~≈
#~≈~~≈≈#
#≈≈~≈
#~~≈≈≈≈#
#≈~~≈
#≈~~≈≈≈#
#≈~#†
#r~≈≈≈≈#
#≈≈≈†
#@~≈≈≈≈#
#≈≈≈~
#~~≈≈≈≈#
#≈.~≈
#~†~≈≈≈#
#≈≈~~
#~~≈~≈≈#
#≈≈~~
#≈≈~~≈≈#
#≈~~≈
#≈~~≈~≈#
#≈~~≈
#≈≈≈~≈≈#
#≈≈~≈
#..~~~##
#...~
#......##
##....


You could see a river rat.

Vanquished Creatures
  A hound (D:4)
  An iron imp (D:3)
  4 adders
  3 gnolls (D:2)
  7 river rats
  2 worms
  2 dart slugs
  2 orcs
  7 ball pythons
  A bat (D:3)
  5 endoplasms
  2 giant cockroaches (D:3)
  6 goblins
  9 hobgoblins
  5 quokkas
  A frilled lizard (Sewer)
  6 kobolds
  16 rats
80 creatures vanquished.

Notes
Turn   | Place    | Note
-------+----------+-------------------------------------------
     0 | D:1      | purpskrrrp the Vampire Brigand began the quest for the Orb.
     0 | D:1      | Reached XP level 1. HP: 16/16 MP: 1/1
    85 | D:1      | Reached skill level 6 in Stealth
   244 | D:1      | Found Doschec's Book Shoppe.
   276 | D:1      | You fall into a shaft and drop 1 floor!
   315 | D:2      | Reached XP level 2. HP: 17/17 MP: 2/2
   874 | D:2      | Gained mutation: You are afflicted with vampirism and can
                  | become a bat while bloodless. [Vampire growth]
   874 | D:2      | Reached XP level 3. HP: 21/21 MP: 3/3
  1319 | D:2      | Reached skill level 7 in Stealth
  1319 | D:2      | Reached XP level 4. HP: 26/26 MP: 4/4
  1426 | D:3      | Found a stormy altar of Qazlal.
  1547 | D:3      | Found a snail-covered altar of Cheibriados.
  2167 | D:3      | Reached skill level 1 in Spellcasting
  2173 | D:3      | Learned a level 2 spell: Passwall
  2349 | D:4      | Found a radiant altar of Vehumet.
  2352 | D:4      | Found a shimmering altar of Xom.
  2358 | D:4      | Found an iron altar of Okawaru.
  2708 | D:4      | Reached XP level 5. HP: 27/31 MP: 2/6
  2890 | D:4      | Found a glowing drain.
  2900 | Sewer    | Entered a sewer
  3077 | Sewer    | Gained mutation: You are covered in fur. (AC +1) [potion of
                  | mutation]
  3077 | Sewer    | Gained mutation: You possess an exceptional clarity of
                  | mind. [potion of mutation]
  3265 | Sewer    | Reached skill level 1 in Transmutations
  3295 | Sewer    | Reached skill level 8 in Stealth
  3295 | Sewer    | Reached XP level 6. HP: 36/36 MP: 2/8
  3343 | Sewer    | Slain by a river rat

Illustrated notes

Levels and vault maps discovered:
D:1:      elethiomel_arrival_infinity_welcomes_careful_drivers,
          layout_loops_cross, serial_shops, shop
D:2:      layout_loops_ring
D:3:      layout_basic, chei_slow_surprise, grunt_qazlal_sundering
D:4:      layout_basic, grunt_temple_overflow_cloverleaf, portal_sewer_entry_b
Sewer:    sewer_minmay_w

Skill      XL: |  1  2  3  4  5 |
---------------+----------------+-----
Stealth        | 6 7 8 |  8.0
Fighting       | 2 |  2.7
Dodging        | 2 |  2.7
Short Blades   | 3 |  3.3
Spellcasting   | 1 |  1.5
Transmutations | 1 |  1.0
Throwing       | |  1.5
Earth Magic    | |  0.9

Action                     |  1- 3 |  4- 6 || total
---------------------------+-------+-------++-------
  Melee: Dagger            |    57 |       ||    57
         Bite              |     5 |    20 ||    25
         Short sword       |       |   152 ||   152
         Punch             |       |     1 ||     1
  Throw: Boomerang         |       |    24 ||    24
         Dart              |       |     2 ||     2
Ability: Exsanguinate      |     1 |       ||     1
         End Transformatio |       |     1 ||     1
         Bat Form          |       |     1 ||     1
    Use: Scroll            |     4 |     9 ||    13
         Potion            |       |     7 ||     7
   Stab: Sleeping          |    26 |     8 ||    34
         Invisible         |       |     3 ||     3
 Armour: Robe              |     2 |    51 ||    53
  Dodge: Dodged            |    16 |   149 ||   165

Table legend: (Time is in decaauts)
 A = Elapsed time spent in this place.
 B = Non-inter-level travel time spent in this place.
 C = Inter-level travel time spent in this place.
 D = Time resting spent in this place.
 E = Time spent auto-exploring this place.
 F = Levels seen in this place.
 G = Mean time per level.
                   A        B        C        D        E       F      G
               +--------+--------+--------+--------+--------+-----+--------+
         Total |   3337 |   2943 |    394 |    210 |   1863 |   5 |  667.4 |
       Dungeon |   2876 |   2482 |    394 |      3 |   1782 |   4 |  719.0 |
         Sewer |    461 |    461 |      0 |    207 |     81 |   1 |  461.0 |
               +--------+--------+--------+--------+--------+-----+--------+

Top non-repeatable levels by time:
     D:3: 985 daAuts
     D:1: 708 daAuts
     D:2: 694 daAuts
     D:4: 487 daAuts
   Sewer: 461 daAuts
